 Dungeon Crawl Stone Soup version 0.29-a0-664-gff9cad4a3d (webtiles) character file.

Game seed: 4170619257801257689

119 lunkers the Skirmisher (level 5, -5/43 HPs)
             Began as a Formicid Fighter on June 22, 2022.
             Slain by Sigmund
             ... wielding a +0 scythe
              (11 damage)
             ... on level 3 of the Dungeon.
             The game lasted 00:02:43 (2698 turns).

lunkers the Skirmisher (Formicid Fighter)           Turns: 2698, Time: 00:02:43

Health: -5/43      AC:  6    Str: 23    XL:     5   Next: 24%
Magic:  5/5        EV:  9    Int:  7    God:
Gold:   123        SH:  5    Dex: 13    Spells: 4/4 levels left

rFire   . . .      SeeInvis +   a - +0 flail
rCold   . . .      Faith    .   c - +0 buckler
rNeg    . . .      Spirit   .   b - +0 scale mail
rPois   .          Reflect  .   (helmet unavailable)
rElec   .          Harm     .   (no cloak)
rCorr   .          Rampage  .   (no gloves)
Will    .....                   (no boots)
Stlth   ..........              (no amulet)
HPRegen 0.14/turn               (no ring)
MPRegen 0.09/turn               (no ring)

@: no status effects
A: permanent stasis, dig shafts and tunnels, antennae 3, four strong arms
a: Dig, Shaft Self


You were on level 3 of the Dungeon.
You visited 1 branch of the dungeon, and saw 3 of its levels.

You collected 123 gold pieces.

Inventory:

Hand Weapons
 a - a +0 flail (weapon)
Armour
 b - a +0 scale mail (worn)
 c - a +0 buckler (worn)
 s - a +1 tower shield of positive energy
Scrolls
 e - 3 scrolls of identify {unknown}
 g - 2 scrolls of amnesia {unknown}
 h - 4 scrolls of teleportation
 k - 4 scrolls of fog {unknown}
 m - 2 scrolls of blinking {unknown}
 n - a scroll of brand weapon {unknown}
 o - a scroll of immolation {unknown}
 q - a scroll of poison {unknown}
 r - a scroll of noise {unknown}
Potions
 f - a potion of curing {unknown}
 i - a potion of heal wounds {unknown}
 j - a potion of cancellation {unknown}
 l - a potion of attraction {unknown}
 p - a potion of lignification {unknown}


   Skills:
 + Level 4.3 Fighting
 * Level 4.3 Maces & Flails
 - Level 3.2 Armour
 - Level 4.0 Shields


You had 4 spell levels left.
You didn't know any spells.
Your spell library contained the following spells:

 Spells                   Type           Power      Damage    Failure   Level
 Apportation              Tloc           0%         N/A       82%         1
 Necrotize                Necr           0%         1d4       82%         1
 Slow                     Hex            0%         N/A       82%         1
 Summon Small Mammal      Summ           0%         N/A       82%         1
 Confusing Touch          Hex            0%         N/A       99%         3
 Vampiric Draining        Necr           0%         2d6       99%         3


Dungeon Overview and Level Annotations

Branches:
Dungeon (3/15)

Altars:
Dithmenos
Fedhas

Annotations:
D:3 Sigmund


Innate Abilities, Weirdness & Mutations

You cannot be hasted, slowed, berserked, paralysed or teleported.
You can dig through walls and to a lower floor.
You have a pair of large antennae on your head. (SInv)
Your four strong arms can wield two-handed weapons with a shield.


Message History

No target in view!
Found a pair of boots.
No target in view!
There is an open door here.
A frilled lizard comes into view.
Found a scroll labelled YSHUC BUAJUGYA.
The frilled lizard hisses angrily.
Sigmund the Dreaded comes into view.
He is wielding a +0 scythe and carrying a wand of quicksilver (7).
Sigmund shouts!
You feel very mighty all of a sudden. Sigmund barely misses you.
Found 14 gold pieces.
Sigmund zaps a wand.
The bolt of dispelling energy hits you!
Your magical effects are unravelling.
The bolt of dispelling energy hits the frilled lizard!!
The frilled lizard dies!
You sock Sigmund!
Sigmund is moderately wounded.
You feel a little less mighty now.
Sigmund zaps a wand.
The bolt of dispelling energy hits you!!
Ouch! That really hurt!
* * * LOW HITPOINT WARNING * * *
You sock Sigmund!
Sigmund is heavily wounded.
Sigmund hits you with a +0 scythe.
* * * LOW HITPOINT WARNING * * *
You hit Sigmund.
Sigmund is severely wounded.
Sigmund zaps a wand.
The bolt of dispelling energy misses you.
Unknown command.
You barely miss Sigmund.
Sigmund is severely wounded.
Sigmund completely misses you.
Unknown command.
You barely miss Sigmund.
Sigmund is severely wounded.
Sigmund hits you with a +0 scythe!
You die...

#.#### #.###....#.####
.....# .$.##........#.#
# .)##.#
#..######.#.##.# #
####<# #..# #.#.##.# #
####.# ..# #......# #
.....# ..# ##...### #
###### ##.# ##.....## #
#.## .##.##?@#
##.......## # ...####
.......@####.........###
.<......
...........'.........'..
...#####
###.#.[.####.........###
..## #...#.##
##.......## ##### .....#
##.....## #...# #...#
###...#### #.>.# ##.#
#........# ....# #.
#.##.###.### ..### #
#.##........


You could see Sigmund.

Vanquished Creatures
  3 gnolls (D:3)
  2 adders
  3 worms
  3 dart slugs
  3 ball pythons
  8 endoplasms
  A giant cockroach (D:2)
  8 goblins
  4 hobgoblins
  2 quokkas (D:1)
  4 bats
  5 frilled lizards
  4 kobolds
  7 rats
57 creatures vanquished.

Vanquished Creatures (others)
  A frilled lizard (D:3)
1 creature vanquished.

Grand Total: 58 creatures vanquished

Notes
Turn   | Place    | Note
-------+----------+-------------------------------------------
     0 | D:1      | lunkers the Formicid Fighter began the quest for the Orb.
     0 | D:1      | Reached XP level 1. HP: 18/18 MP: 1/1
   114 | D:1      | Reached XP level 2. HP: 18/24 MP: 2/2
   509 | D:1      | Reached XP level 3. HP: 29/30 MP: 3/3
   938 | D:2      | Reached XP level 4. HP: 33/37 MP: 4/4
  1517 | D:2      | Found a shadowy altar of Dithmenos.
  2250 | D:3      | Found a blossoming altar of Fedhas.
  2460 | D:3      | Reached XP level 5. HP: 39/42 MP: 5/5
  2691 | D:3      | Noticed Sigmund
  2698 | D:3      | Slain by Sigmund

Illustrated notes

Levels and vault maps discovered:
D:1:      wander_arrival_lonely_grave, layout_rooms
D:2:      layout_basic, basic_altar
D:3:      layout_loops_corners, fedhas_altar_1, nicolae_elevator_lobby_asterisk,
          uniq_sigmund

Skill      XL: |  1  2  3  4 |
---------------+-------------+-----
Maces & Flails | 3 4 |  4.3
Fighting       | 4 |  4.3
Armour         | |  3.2
Shields        | |  4.0

Action                   |  1- 3 |  4- 6 || total
-------------------------+-------+-------++-------
Melee: Flail             |    95 |    83 ||   178
  Use: Scroll            |       |     1 ||     1
       Potion            |       |     1 ||     1
Armor: Scale mail        |    52 |    27 ||    79
Dodge: Dodged            |    43 |    32 ||    75
Block: Buckler           |    26 |    19 ||    45

Table legend: (Time is in decaauts)
 A = Elapsed time spent in this place.
 B = Non-inter-level travel time spent in this place.
 C = Inter-level travel time spent in this place.
 D = Time resting spent in this place.
 E = Time spent auto-exploring this place.
 F = Levels seen in this place.
 G = Mean time per level.
                   A        B        C        D        E       F      G
               +--------+--------+--------+--------+--------+-----+--------+
         Total |   2745 |   2693 |     52 |      0 |   2269 |   3 |  915.0 |
       Dungeon |   2745 |   2693 |     52 |      0 |   2269 |   3 |  915.0 |
               +--------+--------+--------+--------+--------+-----+--------+

Top non-repeatable levels by time:
     D:2: 1275 daAuts
     D:1: 803 daAuts
     D:3: 667 daAuts
